 Dungeon Crawl Stone Soup version 0.21-a0-578-gc6e9d75 (webtiles) character file.

76 Gaball the Poker (level 4, -4/35 HPs)
             Began as a Formicid Abyssal Knight on Dec 18, 2017.
             Was a Follower of Lugonu.
             Slain by a river rat (5 damage)
             ... in a sewer.
             The game lasted 00:03:41 (2663 turns).

Gaball the Poker (Formicid Abyssal Knight)          Turns: 2663, Time: 00:03:41

Health: -4/35      AC:  3    Str: 17    XL:     4   Next: 57%
Magic:  5/5        EV: 11    Int: 12    God:    Lugonu [*.....]
Gold:   81         SH:  0    Dex: 10    Spells: 3/3 levels left

rFire    . . .     SeeInvis +   a - +1 spear
rCold    . . .     Gourm    .   (no shield)
rNeg     . . .     Faith    .   b - +0 leather armour
rPois    .         Spirit   .   (helmet unavailable)
rElec    .         Reflect  .   (no cloak)
rCorr    .         Harm     .   (no gloves)
MR       .....                  (no boots)
Stlth    +.........             (no amulet)
HPRegen  0.11/turn              (no ring)
MPRegen  0.09/turn              (no ring)

@: no status effects
A: permanent stasis, dig shafts and tunnels, four strong arms, antennae 3
a: Dig, Shaft Self, Depart the Abyss, Renounce Religion


You were in a sewer.
You worshipped Lugonu.
Lugonu was aware of your devotion.
You were not hungry.

You visited 1 branch of the dungeon, and saw 3 of its levels.
You visited the Abyss 1 time.
You also visited: Sewer.

You collected 81 gold pieces.

Inventory:

Hand Weapons
 a - a +1 spear (weapon)
Armour
 b - a +0 leather armour (worn)
Scrolls
 d - a scroll of fear {unknown}
 f - a scroll of identify {unknown}
 i - a scroll of teleportation {unknown}
 l - a scroll of magic mapping {unknown}
Potions
 e - a potion of ambrosia {unknown}
 g - a potion of heal wounds {unknown}
 h - a potion of might {unknown}
 j - a potion of haste {unknown}
 k - 2 potions of curing {unknown}
Comestibles
 c - 3 rations


   Skills:
 - Level 3.2 Fighting
 + Level 4.4 Polearms
 - Level 2.1 Armour
 - Level 0.8 Dodging
 - Level 2.1 Invocations


You had 3 spell levels left.
You didn't know any spells.

Dungeon Overview and Level Annotations

Branches:
Dungeon (3/15)

Altars:


Innate Abilities, Weirdness & Mutations

You cannot be hasted, slowed, berserked, paralysed or teleported.
You can dig through walls and to a lower floor.
Your four strong arms can wield two-handed weapons with a shield.
You have a pair of large antennae on your head. (SInv)


Message History

The rat splashes around in the water.
You hit the river rat but do no damage.
The river rat is heavily wounded.
The river rat completely misses you.
The rat splashes around in the water.
The rat bites you.
* * * LOW HITPOINT WARNING * * *
You closely miss the river rat.
The river rat is heavily wounded.
The river rat barely misses you.
You closely miss the river rat.
The river rat is heavily wounded.
The rat closely misses you. The rat bites you but does no damage.
The river rat bites you.
* * * LOW HITPOINT WARNING * * *
You hit the river rat but do no damage.
The river rat is heavily wounded.
The rat splashes around in the water.
The rat bites you.
* * * LOW HITPOINT WARNING * * *
The river rat bites you.
You die...

######################
..≈≈≈≈≈≈≈≈≈≈≈≈≈≈≈....##
.≈≈≈≈≈≈≈r@≈≈≈≈≈≈≈.....#
..≈≈≈≈≈#rr≈≈≈≈≈≈≈..∩..#
.≈≈≈≈≈≈≈#≈≈≈≈≈≈≈≈≈.∩..#
..≈≈≈≈≈.≈≈≈≈≈≈≈≈≈≈....#
.#≈≈≈≈≈≈≈≈≈≈≈≈≈≈≈....##
#####################


You could see a river rat and 2 rats.

Vanquished Creatures
  Terence (D:3)
  An adder (D:2)
  A dart slug (D:1)
  4 leopard geckos
  5 giant cockroaches
  4 goblins
  6 hobgoblins
  A quokka (D:2)
  3 bats
  2 frilled lizards
  4 kobolds
  2 rats (D:1)
34 creatures vanquished.

Notes
Turn   | Place    | Note
-------+----------+-------------------------------------------
     0 | Abyss:1  | Gaball the Formicid Abyssal Knight began the quest for the Orb.
     0 | Abyss:1  | Reached XP level 1. HP: 18/18 MP: 2/2
    43 | Abyss:1  | Noticed a small abomination
    46 | Abyss:1  | Noticed a chaos spawn
    49 | Abyss:1  | Noticed a small abomination
    61 | Abyss:1  | Noticed an eye of draining
    70 | Abyss:1  | Noticed a tentacled starspawn
    76 | D:1      | Escaped the Abyss
   530 | D:1      | Reached * piety under Lugonu
   530 | D:1      | Reached XP level 2. HP: 23/24 MP: 3/3
   749 | D:1      | Reached skill level 3 in Polearms
  1194 | D:2      | Reached XP level 3. HP: 24/29 MP: 4/4
  1887 | D:3      | Noticed Terence
  1910 | D:3      | HP: 1/29 [Terence/flail (7)]
  2296 | D:3      | Killed Terence
  2296 | D:3      | Reached skill level 4 in Polearms
  2296 | D:3      | Reached XP level 4. HP: 17/35 MP: 5/5
  2326 | D:3      | Found a glowing drain.
  2516 | Sewer    | Entered a sewer
  2663 | Sewer    | HP: 1/35 [rat (3)]
  2663 | Sewer    | Slain by a river rat

Vault maps used:
D:1:      minmay_arrival_widening_spiral_narrow, minmay_splitting_lines,
          minmay_misc_feat_more_columns, kennysheep_pointless_box
D:3:      gup_sewer_entry_pipe, first_ration, minivault_11, uniq_terence
Abyss:1:  serial_sigils_hangedman_gut
Sewer:    sewer_minmay_w

Skill      XL: |  1  2  3 |
---------------+----------+-----
Polearms       | 3 4 |  4.4
Fighting       | |  3.2
Armour         | |  2.1
Dodging        | |  0.8
Invocations    | |  2.1

Action                   |  1- 3 |  4- 6 || total
-------------------------+-------+-------++-------
Melee: Spear             |   142 |    39 ||   181
Invok: Depart the Abyss  |     1 |       ||     1
  Eat: Chunk             |     2 |       ||     2
       Ration            |     1 |       ||     1
Armor: Leather armour    |    19 |    13 ||    32
Dodge: Dodged            |    52 |    22 ||    74

Table legend:
 A = Spawn XP
 B = Non-spawn XP
 C = Spawn XP percentage of total XP
 D = Spawn monster count
 E = Non-spawn monster count
 F = Spawn count percentage of total count
 G = Total turns spent on level
                    A         B        C        D         E        F      G
               +---------+---------+-------+---------+---------+-------+---------
         Total |       0 |     109 |   0.0 |       0 |      34 |   0.0 |  2663
               +---------+---------+-------+---------+---------+-------+---------
           D:1 |       0 |      26 |   0.0 |       0 |      16 |   0.0 |  1106
           D:2 |       0 |      31 |   0.0 |       0 |      10 |   0.0 |  1022
           D:3 |       0 |      52 |   0.0 |       0 |       8 |   0.0 |   312
               +---------+---------+-------+---------+---------+-------+---------
